Cogmind - Beta 13 @@@ ROGUE MODE // 2024.04.07 @ 06:16:07 Player: f_ Result: Destroyed by G-47 Trooper with Particle Gun Performance ------------- Evolutions (3) 1500 Regions Visited (5) 1000 Robots Destroyed (0) 0 Value Destroyed (0) 0 Prototype IDs (0) 0 Alien Tech Used (0) 0 Bonus (834) 834 TOTAL SCORE: 3334 Bonus ------- Pacifist 834 Cogmind --------- Core Integrity 0/700 Matter 300/300 Energy 99/100 System Corruption 0% Temperature Cool (27) Movement Core (50) Location -7/Storage Parts ------- > --- POWER (2) -------- (None) > --- PROPULSION (4) --- (None) > --- UTILITY (5) ------ (None) > --- WEAPON (2) ------- (None) > --- INVENTORY (5) ---- Ion Engine Heavy Deuterium Engine Heavy Hammer Chainsword Peak State ------------ > --- POWER ------------ (None) > --- PROPULSION ------- Cesium-ion Thruster > --- UTILITY ---------- Reaction Control System > --- WEAPON ----------- (None) > --- INVENTORY -------- Ion Engine Heavy Deuterium Engine Heavy Hammer Chainsword [Rating: 7] Favorites ----------- Power Light Nuclear Core Power Core Light Nuclear Core Propulsion Cesium-ion Thruster Flight Unit Cesium-ion Thruster Utility Reaction Control System Device Reaction Control System Weapon None Build | -11 -10 -9 -8 -7 -7 ------- Run | Yrd Mat Mat Mat Fac Sto Slots Evolved 6 | . . 2 2 2 . Power 1 | . . . 1 . . Propulsion 2 | . . 1 1 . . Utility 3 | . . 1 . 2 . Weapon . | . . . . . . Parts Attached 3 | . . . 1 1 1 Power 1 | . . . . 1 . Engine . | . . . . . . Core 1 | . . . . 1 . Reactor . | . . . . . . Propulsion 1 | . . . 1 . . Treads . | . . . . . . Leg . | . . . . . . Wheel . | . . . . . . Hover . | . . . . . . Flight 1 | . . . 1 . . Utility 1 | . . . . . 1 Device 1 | . . . . . 1 Storage . | . . . . . . Processor . | . . . . . . Hackware . | . . . . . . Protection . | . . . . . . Artifact . | . . . . . . Weapon . | . . . . . . Energy Gun . | . . . . . . Energy Cannon . | . . . . . . Ballistic Gun . | . . . . . . Ballistic Cannon . | . . . . . . Launcher . | . . . . . . Special Weapon . | . . . . . . Impact Weapon . | . . . . . . Slashing Weapon . | . . . . . . Piercing Weapon . | . . . . . . Special Melee Weapon . | . . . . . . Unidentified Prototypes . | . . . . . . Parts Lost 3 | . . . . 1 2 Power 1 | . . . . 1 . Propulsion 1 | . . . . . 1 Utility 1 | . . . . . 1 Weapon . | . . . . . . Highest Loss Streak 2 | . . . . 1 2 To Critical Strikes . | . . . . . . Average Slot Usage (%) 5 | . . . 7 11 8 Flight 3 | . . . 7 7 4 Device 1 | . . . . . 4 Naked Turns 176 | . 39 77 14 . 46 Heaviest Build 5 | . . . . 5 1 Greatest Support 5 | 3 3 3 5 5 5 Greatest Overweight (x) . | . . . . . . Average Overweight (x) . | . . . . . . Largest Inventory Capacity 5 | 5 5 5 5 5 5 Average Capacity 5 | 5 5 5 5 5 5 Most Carried 5 | 1 1 2 2 5 4 Average Carried 2 | . 1 1 2 2 4 Final Capacity 5 | 5 5 5 5 5 5 Final Carried 5 | 1 1 2 2 5 4 Class Distribution -------------------- 100% | Mutant Dominant Class ---------------- Mutant | -10/Materials Mutant | -9/Materials Mutant | -8/Materials Mutant | -7/Factory Mutant | -7/Storage Resources | -11 -10 -9 -8 -7 -7 ----------- Run | Yrd Mat Mat Mat Fac Sto Matter Collected 212 | 188 . . . . 24 Remotely . | . . . . . . Salvage Created . | . . . . . . Parts . | . . . . . . Haulers Intercepted . | . . . . . . Recyclers Shooed . | . . . . . . Parts Field Recycled . | . . . . . . Retrieved Matter . | . . . . . . Parts Self-Destructed . | . . . . . . Prevented . | . . . . . . Kills | -11 -10 -9 -8 -7 -7 ------- Run | Yrd Mat Mat Mat Fac Sto Combat Hostiles Destroyed . | . . . . . . Classes Destroyed . | . . . . . . Best Kill Streak . | . . . . . . Combat Bots Only . | . . . . . . Max Kills in Single Turn . | . . . . . . Gunslinging . | . . . . . . Exploded . | . . . . . . Melee . | . . . . . . Uniques/NPCs Destroyed . | . . . . . . Combat | -11 -10 -9 -8 -7 -7 -------- Run | Yrd Mat Mat Mat Fac Sto Hostile Shots Fired 201 | . 5 27 4 2 163 Missed 116 | . 2 13 2 1 98 Damage Taken 998 | . 55 112 33 45 753 Core 889 | . 55 112 19 . 703 Absorbed by Shields . | . . . . . . Core Remaining (%) 86 | 100 78 72 96 . . Volleys Fired . | . . . . . . Largest . | . . . . . . Hottest . | . . . . . . Shots Fired . | . . . . . . Gun . | . . . . . . Cannon . | . . . . . . Launcher . | . . . . . . Special . | . . . . . . Kinetic . | . . . . . . Thermal . | . . . . . . Explosive . | . . . . . . Electromagnetic . | . . . . . . Robot Hit Streak . | . . . . . . Robot Miss Streak . | . . . . . . Penetration Max . | . . . . . . Secondary Targets . | . . . . . . Shots Hit Robots . | . . . . . . Core Hits . | . . . . . . Critical Kills . | . . . . . . Critical Parts Destroyed . | . . . . . . Critical Strikes . | . . . . . . Melee Attacks . | . . . . . . Impact . | . . . . . . Slashing . | . . . . . . Piercing . | . . . . . . Sneak Attacks . | . . . . . . Combat Hostiles . | . . . . . . Follow-up Attacks . | . . . . . . Damage Inflicted 13 | . . . . . 13 Guns . | . . . . . . Cannons . | . . . . . . Explosions . | . . . . . . Melee . | . . . . . . Ramming 13 | . . . . . 13 Kinetic . | . . . . . . Thermal . | . . . . . . Explosive . | . . . . . . Electromagnetic . | . . . . . . Impact . | . . . . . . Slashing . | . . . . . . Piercing . | . . . . . . Highest Corruption . | . . . . . . Average Corruption . | . . . . . . Corruption Purged . | . . . . . . Corruption Blocked . | . . . . . . Overload Shots . | . . . . . . Overflow Damage . | . . . . . . Projectiles . | . . . . . . Explosions . | . . . . . . Melee . | . . . . . . Knockbacks . | . . . . . . Impact . | . . . . . . Kinetic . | . . . . . . Secondary . | . . . . . . Self-Inflicted Damage 6 | . . . . . 6 Shots . | . . . . . . Rammed 3 | . . . . . 3 Targets Rammed 3 | . . . . . 3 Kicked . | . . . . . . Crushed . | . . . . . . Highest Temperature . | . . . . . . Average Temperature . | . . . . . . Received Heat Transfer 243 | . 18 . 9 . 216 Siege Activations . | . . . . . . Robots Corrupted . | . . . . . . Combat Hostiles . | . . . . . . Parts Fried . | . . . . . . Impact Corruptions . | . . . . . . Robots Melted . | . . . . . . Combat Hostiles . | . . . . . . Parts Melted . | . . . . . . Heat Transferred . | . . . . . . Parts Sabotaged . | . . . . . . Parts Stolen . | . . . . . . Parts Stripped . | . . . . . . Power Chain Reactions . | . . . . . . Alert | -11 -10 -9 -8 -7 -7 ------- Run | Yrd Mat Mat Mat Fac Sto Peak Influence 367 | . 31 93 116 86 367 Initial 52 | . . 13 39 52 39 Average 96 | . 9 32 50 63 213 Maximum Alert Level 1 | . . . . . 1 Low Security (%) 77 | 100 100 100 100 100 33 Level 1 22 | . . . . . 66 Level 2 . | . . . . . . Level 3 . | . . . . . . Level 4 . | . . . . . . Level 5 . | . . . . . . High Security . | . . . . . . Max Security . | . . . . . . Squads Dispatched 9 | . 1 2 1 . 5 Investigation 8 | . 1 2 1 . 4 Extermination . | . . . . . . Reinforcement 1 | . . . . . 1 Assault . | . . . . . . Garrison . | . . . . . . Intercept . | . . . . . . Searches Triggered . | . . . . . . Construction Impeded . | . . . . . . Haulers Reinforced . | . . . . . . Active Scanning Responses . | . . . . . . Cargo Convoy Interrupts . | . . . . . . Stealth | -11 -10 -9 -8 -7 -7 --------- Run | Yrd Mat Mat Mat Fac Sto Distress Signals 1 | . . . . . 1 Communications Jammed . | . . . . . . Distress Signals . | . . . . . . Times Spotted 55 | . 4 11 6 3 31 Peak Tracking Total 19 | . 4 11 6 2 19 Tactical Retreats 4 | . . 1 . 1 2 Traps | -11 -10 -9 -8 -7 -7 ------- Run | Yrd Mat Mat Mat Fac Sto Traps Triggered 2 | . 1 . . . 1 Indirectly . | . . . . . . Trap Hack Attempts . | . . . . . . Triggered . | . . . . . . Disarmed . | . . . . . . Reprogrammed . | . . . . . . Reused . | . . . . . . Traps Extracted . | . . . . . . Installed . | . . . . . . Triggered . | . . . . . . Machines | -11 -10 -9 -8 -7 -7 ---------- Run | Yrd Mat Mat Mat Fac Sto Machines Disabled . | . . . . . . Max in Single Turn . | . . . . . . Machines Repaired . | . . . . . . Machines Dismantled . | . . . . . . Machines Sabotaged . | . . . . . . Overloaded Fab Kills . | . . . . . . Hacking | -11 -10 -9 -8 -7 -7 --------- Run | Yrd Mat Mat Mat Fac Sto Machines Accessed 14 | . 3 2 2 1 6 Terminals 14 | . 3 2 2 1 6 Fabricators . | . . . . . . Repair Stations . | . . . . . . Recycling Units . | . . . . . . Scanalyzers . | . . . . . . Garrison Access . | . . . . . . Total Hacks 38 | . 7 7 7 2 15 Successful 12 | . 4 1 3 1 3 Failed 26 | . 3 6 4 1 12 Catastrophic 10 | . 2 3 1 1 3 Database Lockouts . | . . . . . . Manual 33 | . 6 6 7 2 12 Terminals 38 | . 7 7 7 2 15 Fabricators . | . . . . . . Repair Stations . | . . . . . . Recycling Units . | . . . . . . Scanalyzers . | . . . . . . Garrison Access . | . . . . . . Terminal Hacks 5 | . 2 . 1 . 2 Robot Analysis 1 | . 1 . . . . Open Door 2 | . . . . . 2 Level Access Points 2 | . 1 . 1 . . Fabricator Hacks . | . . . . . . Repair Station Hacks . | . . . . . . Recycling Unit Hacks . | . . . . . . Scanalyzer . | . . . . . . Garrison Access Hacks . | . . . . . . Unauthorized Hacks 7 | . 2 1 2 1 1 Terminals 7 | . 2 1 2 1 1 Botnet 7 | . 2 1 2 1 1 Fabricators . | . . . . . . Repair Stations . | . . . . . . Recycling Units . | . . . . . . Scanalyzers . | . . . . . . Garrison Access . | . . . . . . Data Cores Recovered . | . . . . . . Used . | . . . . . . Hacking Detections 10 | . 2 2 1 1 4 Full Trace Events 8 | . 1 2 1 . 4 Feedback Events . | . . . . . . Feedback Blocked . | . . . . . . Robot Schematics Acquired . | . . . . . . Robots Built . | . . . . . . Authchips . | . . . . . . Time . | . . . . . . Total Robot Build Rating . | . . . . . . Part Schematics Acquired . | . . . . . . Parts Built . | . . . . . . Authchips . | . . . . . . Time . | . . . . . . Total Part Build Rating . | . . . . . . Parts Repaired . | . . . . . . Time . | . . . . . . Parts Recycled . | . . . . . . Recycled Matter . | . . . . . . Retrieved Matter . | . . . . . . Retrieved Components . | . . . . . . Parts Scanalyzed . | . . . . . . Part Schematics Acquired . | . . . . . . Parts Damaged . | . . . . . . Bothacking | -11 -10 -9 -8 -7 -7 ------------ Run | Yrd Mat Mat Mat Fac Sto Used RIF Installer . | . . . . . . Robots Hacked . | . . . . . . Non-combat . | . . . . . . Combat . | . . . . . . Robot Hacks Applied . | . . . . . . Relay Couplers Released . | . . . . . . Fabnet Peak Effective % . | . . . . . . Robots Rewired . | . . . . . . Allies Hacked . | . . . . . . Hacks Repelled . | . . . . . . Allies | -11 -10 -9 -8 -7 -7 -------- Run | Yrd Mat Mat Mat Fac Sto Total Allies . | . . . . . . Largest Group . | . . . . . . Highest-Rated Group . | . . . . . . Highest-Rated Ally . | . . . . . . Total Orders . | . . . . . . Ally Attacks . | . . . . . . Total Damage . | . . . . . . Kills . | . . . . . . Allies Corrupted . | . . . . . . Allies Melted . | . . . . . . Intel | -11 -10 -9 -8 -7 -7 ------- Run | Yrd Mat Mat Mat Fac Sto Robot Analysis Total 1 | . 1 . . . . Derelict Logs Recovered . | . . . . . . Drone Launches . | . . . . . . Drone Recoveries . | . . . . . . Exploration | -11 -10 -9 -8 -7 -7 ------------- Run | Yrd Mat Mat Mat Fac Sto Turns Passed 353 | 16 39 77 56 45 120 Spaces Moved 810 | 30 78 152 145 114 291 Core 378 | 30 78 152 26 . 92 Treads . | . . . . . . Legs . | . . . . . . Wheels . | . . . . . . Hover . | . . . . . . Flight 432 | . . . 119 114 199 Fastest Speed 35 | 50 50 50 35 35 35 Average Speed 42 | 50 50 50 37 35 39 Slowest Speed 50 | 50 50 50 50 35 50 Overloaded Moves . | . . . . . . Propulsion Burnouts . | . . . . . . Robots Hopped 7 | . . . . 1 6 Cave-ins Triggered . | . . . . . . Exploration Rate (%) 26 | 3 23 26 22 4 81 Regions Visited 5 Branch Regions 1 Pre-discovered Areas 1 | . . . . . 1 Known Exits Taken 2 | . 1 . 1 . . Unknown Exits Taken 3 | 1 . 1 . 1 . Scrap Searched . | . . . . . . Spaces Dug . | . . . . . . Terrain Destroyed . | . . . . . . Melee . | . . . . . . Projectile . | . . . . . . AOE . | . . . . . . Terrain Rammed . | . . . . . . Walls Destroyed . | . . . . . . Machines Disabled . | . . . . . . Actions | -11 -10 -9 -8 -7 -7 --------- Run | Yrd Mat Mat Mat Fac Sto Total 809 | 30 77 152 145 116 289 Wait . | . . . . . . Move 792 | 29 77 151 144 111 280 Hop 6 | . . . . 1 5 Pick Up 5 | 1 . 1 . 3 . Fast Attach 2 | . . . 1 1 . Attach 1 | . . . . . 1 Detach . | . . . . . . Swap . | . . . . . . Drop . | . . . . . . Fire . | . . . . . . Melee . | . . . . . . Ram 3 | . . . . . 3 Kick . | . . . . . . Crush . | . . . . . . Escape Stasis . | . . . . . . Rewire . | . . . . . . Trap . | . . . . . . Miscellaneous . | . . . . . . Route ------- -11/Scrapyard -10/Materials (discovered 3 exits: *Mat x3) -9/Materials -8/Materials (discovered 3 exits: *Fac x3) -7/Factory -7/Storage (discovered 1 exit: [*Fac]) History --------- Turn | Location | Event 7 | -11/Scrapyard | Discovered new exit (range 15) 17 | -11/Scrapyard | Entered Materials 38 | -10/Materials | Identified exit to Materials 56 | -10/Materials | Entered another Materials area 56 | -9/Materials | Evolved 2 slots: Propulsion x1, Utility x1 127 | -9/Materials | Discovered new exit (range 14) 133 | -9/Materials | Entered another Materials area 133 | -8/Materials | Evolved 2 slots: Power x1, Propulsion x1 166 | -8/Materials | Identified exit to Factory 189 | -8/Materials | Entered Factory 189 | -7/Factory | Evolved 2 slots: Utility x2 206 | -7/Factory | Discovered new exit (range 15) 234 | -7/Factory | Entered Storage 312 | -7/Storage | Build established: Mutant 327 | -7/Storage | Learned location of Armory (-3) 332 | -7/Storage | Core integrity fell below 50% 346 | -7/Storage | Core integrity fell below 20% 347 | -7/Storage | Discovered new exit (range 16) 354 | -7/Storage | Destroyed by G-47 Trooper with Particle Gun Last Messages --------------- from here, don't stick around. I stayed behind to warn any stragglers, and you certainly look like you're straggling." 00326_ Triggered Ambush Trap. 00326_ S-27 Virus emerges from a hatch in the floor. 00326_ G-47 Trooper emerges from a hatch in the floor. 00327_ UZ-AX9(g): "We'll attack Armory later, meet at one of the rendevous points." World map updated: -3/Armory. 00327_ UZ-AX9(g) slips back into hiding. 00328_ O-24 Administrator uses terminal to summon reinforcements. 00328_ ALERT: Hostiles spotted, dispatching reinforcements to Terminal S010. 00328_ O-24 Administrator locks terminal. 00338_ S-27 Virus destroyed. 00347_ EXIT=FOUND 00347_ Critical hit (Burn: +37). Map ----- +----------------------------------------------------+ | | | | | | | | | | | | | | | | | | | | | | | | | | | | | | | | | | | | | | | ????????????????????????????????????????????? | | ????????????????????????????????????????????? | | ????????????????????????????????????????????? | | ????????????????????????????????????????????? | | ###############################?????????????? | | #?????????????? | | s gs @ < #?????????????? | | g #?????????????? | | #+##+#########;################?????????????? | | # ??????# #?????????????????????????? | | # """ ???#T #?????????????????????????? | | # """ #?##" "##?????????????????????????? | | # """ ##???? ???????????????????????????? | | # #????? ??????????????????????????? | | # """ #????? [[#?????????????????????????? | | # """ #?????[ [#?????????????????????????? | | # ""???#?????####?????????????????????????? | | # ???????????????????????????????????????? | | ######??????????????????????????????????????? | | | #??????????????????????????????????????? | | #??????????????????????????????????????? | | = #??????????????????????????????????????? | | #????????????????#?????????????????????? | | #?????????##????# ##???????????????????? | | ################ ??? #???????????????????? | | #??# # ???" #???????????????????? | | #??# """" # """ #???????????????????? | | %#??# "???????? """ #???????????????????? | | #??# "???????? #???????????????????? | | #??# ""???????? """ ####????????????????? | | ##??# ""??????? """ ## ########?????????? | +----------------------------------------------------+ Best States ------------- Heat Dissipation 34 Energy Generation 14 Energy Capacity 160 Matter Stores 300 Matter Capacity 300 Sight Range 16 Terrain Scan Density 10 Evasion (%) 71 Item Schematics ----------------- None Robot Schematics ------------------ None Fabricated ------------ Nothing Alien Tech Used ----------------- None Achievements -------------- None Challenges ------------ None Game ------ Seed MyomerExperimentalThrower Manual? 0 Play Time 00:14:05 Cumulative 165.3 hours Start 2024.04.07 @ 06:05:32 End 2024.04.07 @ 06:16:07 Sessions 1 Manual Loads 0 Difficulty Rogue Special Mode None Game No. 132 Rogue 127 Adventurer 0 Explorer 5 Win Type - Total 4 Types 1/0/1/2/0/0/0/0/0 Lore% 52 Gallery% 61 Achievement% 47 Wizard Run 0 Options --------- Layout 1 ASCII 0 Keyboard 0 Movement Mouse Keybinds 0 Fullscreen 2 Font 24/Tamsyn Map View 50x35 Zoom Use 0% Tactical HUD 1 Map Filters NONE Filters NONE Steam 1 RUN: 94c4bacf-1985-47f8-8619-b6cecac981cd